 Dungeon Crawl Stone Soup version 0.31-a0-716-gc7603755dd (webtiles) character file.

Game seed: 1072479019353576498

171 Ordine the Ruffian (level 5, -3/51 HPs)
             Began as an Octopode Shapeshifter on Sept 9, 2023.
             Slain by a sky beast (6 damage)
             ... on level 4 of the Dungeon.
             The game lasted 00:04:42 (3050 turns).

Ordine the Ruffian (Octopode Shapeshifter)          Turns: 3050, Time: 00:04:42

Health: -3/51      AC: 22    Str: 16    XL:     5   Next: 51%
Magic:  5/5        EV:  2    Int: 12    God:
Gold:   302        SH:  0    Dex: 11    Spells: 4/4 levels left

rFire   . .          .
                       - Unarmed
rCold   . . .        (no shield)
rNeg    . . .        (helmet currently unavailable)
rPois   +            (no amulet)
rElec   .            n - +5 ring of evasion
rCorr   .            (no ring)
SInv    .            (no ring)
Will    .....        (no ring)
Stlth   ++           (no ring)
HPRegen 0.28/turn    (no ring)
MPRegen 0.09/turn    (no ring)
                     (no ring)

%: no passive effects
@: tree-form
A: stationary, stasis, torment immunity, boosted hp, almost no armour,
(amphibious), 8 rings, (camouflage 1), (gelatinous body 1), (nimble swimmer 1),
(tentacles)
a: no special abilities


You were on level 4 of the Dungeon.
You were a tree.
You visited 1 branch of the dungeon, and saw 4 of its levels.

You collected 302 gold pieces.

Inventory:

Jewellery
 n - a +5 ring of evasion (left branch)
Talismans
 b - a beast talisman
 c - a flux talisman
Wands
 y - a wand of digging (13)
Scrolls
 d - 2 scrolls of immolation {unknown}
 e - a scroll of butterflies {unknown}
 i - a scroll of revelation {unknown}
 j - 7 scrolls of identify {unknown}
 l - a scroll of fear {unknown}
 p - a scroll of silence {unknown}
 s - 3 scrolls of teleportation {unknown}
 v - a scroll of brand weapon {unknown}
 w - a scroll of enchant armour {unknown}
Potions
 a - a potion of lignification
 f - 2 potions of heal wounds {unknown}
 g - 5 potions of curing {unknown}
 h - 2 potions of haste {unknown}
 k - 2 potions of might {unknown}
 m - 2 potions of attraction {unknown}
 o - 4 potions of degeneration {unknown}
 q - a potion of berserk rage {unknown}
 r - a potion of mutation {unknown}
 t - 2 potions of magic {unknown}
 u - a potion of resistance {unknown}
 x - a potion of enlightenment {unknown}
 z - a potion of brilliance {unknown}


   Skills:
 + Level 2.1 Fighting
 + Level 2.7 Dodging
 + Level 2.5 Stealth
 * Level 4.4 Unarmed Combat
 + Level 3.4 Shapeshifting


You had 4 spell levels left.
You didn't know any spells.
Your spell library contained the following spells:

 Spells                   Type           Power      Damage    Failure   Level
 Shock                    Conj/Air       0%         1d3       32%         1
 Swiftness                Air            0%         N/A       69%         3
 Tukima's Dance           Hex            0%         N/A       69%         3
 Volatile Blastmotes      Fire/Tloc      0%         2d10      69%         3
 Airstrike                Air            0%         2d(0-16)  97%         4
 Animate Dead             Necr           0%         N/A       97%         4
 Dimensional Bullseye     Hex/Tloc       0%         N/A       97%         4
 Fulminant Prism          Conj/Hex       0%         3d5       97%         4
 Iskenderun's Mystic Bla  Conj/Tloc      0%         2d3       97%         4
 Borgnjor's Vile Clutch   Necr/Erth      0%         N/A       100%        5
 Death Channel            Necr           0%         N/A       100%        6


Dungeon Overview and Level Annotations

Branches:
Dungeon (4/15)
 Temple: D:4-7

Altars:
Sif Muna

Shops:
D:4 (


Innate Abilities, Weirdness & Mutations

You are a tree.
Your roots penetrate the ground, keeping you stationary.
You cannot be teleported.
You are immune to unholy pain and torment.
Your maximum health is greatly increased.
You cannot wear most types of armour.
((You are amphibious.))
You can wear up to eight rings at the same time.
((Your skin changes colour to match your surroundings (Stealth+).))
((Your rubbery body absorbs attacks. (AC +1, EV +1)))
((You are camouflaged when in or above water. (Stealth+)))
((You have tentacles for arms and can constrict up to eight enemies at once.))


Message History

The sky beast is moderately wounded.
You bludgeon the sky beast!
The sky beast is heavily wounded.
The sky beast misses you.
The kobold shouts!
You tentacle-slap the sky beast but do no damage.
The sky beast is heavily wounded.
The sky beast hits you. The sky beast shocks you.
The kobold throws a poisoned dart.
The poisoned dart misses you.
You closely miss the sky beast. Your squeeze misses the sky beast.
The sky beast is heavily wounded.
The sky beast hits you. The sky beast shocks you.
You are too injured to fight recklessly!
You are too injured to fight recklessly!
You are too injured to fight recklessly!
You tentacle-slap the sky beast but do no damage.
You squeeze the sky beast.
The sky beast is severely wounded.
The sky beast misses you.
You tentacle-slap the sky beast.
The sky beast is almost dead.
The sky beast flickers out of sight!
Deactivating autopickup; reactivate with Ctrl-A.
Something hits you. Something shocks you.
* * * LOW HITPOINT WARNING * * *
You barely miss something. Something hits you.
* * * LOW HITPOINT WARNING * * *
Something shocks you.
* * * LOW HITPOINT WARNING * * *
Your transformation has ended.
You turn into a tree.
Your roots penetrate the ground.
Something hits you but does no damage.
The kobold throws a poisoned dart.
The poisoned dart hits you!
An orc comes into view. It is wielding a +0 dagger.
You cannot move.
You cannot move.
You barely miss something. Something hits you.
* * * LOW HITPOINT WARNING * * *
Something shocks you.
You die...

### ##.# ##..# #...#
###...############
###....##..........####
##.#...........#.)......
........#..<...[♣{......
............)...........
........................
...................K...#
.......................[
.......................#
.#.#..###..............o
.....## ##...........#..
...#.####...>......#.


You could see an orc (wandering) and a kobold.

Vanquished Creatures
  A hound (D:4)
  6 adders
  4 worms
  A dart slug (D:4)
  4 orcs
  4 ball pythons
  7 endoplasms
  3 giant cockroaches
  7 goblins
  4 hobgoblins
  6 kobolds
  3 quokkas
  9 bats
  3 frilled lizards
  7 rats
69 creatures vanquished.

Notes
Turn   | Place    | Note
-------+----------+-------------------------------------------
     0 | D:1      | Ordine the Octopode Shapeshifter began the quest for the
                  | Orb.
     0 | D:1      | Reached XP level 1. HP: 13/13 MP: 1/1
    76 | D:1      | Reached XP level 2. HP: 18/18 MP: 2/2
  1106 | D:2      | Reached skill level 1 in Stealth
  1150 | D:2      | You fall into a shaft and drop 1 floor!
  1200 | D:3      | Reached XP level 3. HP: 23/23 MP: 3/3
  1755 | D:2      | Found a shimmering blue altar of Sif Muna.
  1841 | D:2      | Reached XP level 4. HP: 28/28 MP: 4/4
  2473 | D:4      | Reached skill level 4 in Unarmed Combat
  2638 | D:4      | Reached XP level 5. HP: 33/34 MP: 5/5
  2774 | D:4      | Found Myzeob's Antique Weapon Boutique.
  3033 | D:4      | Noticed a sky beast
  3050 | D:4      | Slain by a sky beast

Illustrated notes

Levels and vault maps discovered:
D:1:      minmay_arrival_up_and_down, layout_loops_corners, minmay_quantized
D:2:      layout_basic, basic_altar, hex_medium, chequers_serial_rivers_large_b,
          minmay_split_cup_large
D:3:      layout_basic, minmay_starry_boxes
D:4:      layout_rooms, nicolae_qazlal_beasts_of_the_sky, serial_shops,
          nicolae_shop_window_shopping, minmay_circle_x

Skill      XL: |  1  2  3  4  5 |
---------------+----------------+-----
Stealth        | 1 2 |  2.5
Unarmed Combat | 4 |  4.4
Fighting       | 2 |  2.1
Dodging        | |  2.7
Shapeshifting  | |  3.4

Action                     |  1- 3 |  4- 6 || total
---------------------------+-------+-------++-------
  Melee: Unarmed           |    71 |    74 ||   145
         Tentacles         |    18 |    16 ||    34
         Constrict         |    16 |    14 ||    30
         Punch             |     2 |     1 ||     3
    Use: Potion            |       |     1 ||     1
   Stab: Sleeping          |    10 |     3 ||    13
         Distracted        |     1 |       ||     1
 Armour: Skin              |    15 |    25 ||    40
  Dodge: Dodged            |    53 |    46 ||    99

Table legend: (Time is in decaauts)
 A = Elapsed time spent in this place.
 B = Non-inter-level travel time spent in this place.
 C = Inter-level travel time spent in this place.
 D = Time resting spent in this place.
 E = Time spent auto-exploring this place.
 F = Levels seen in this place.
 G = Mean time per level.
                   A        B        C        D        E       F      G
               +--------+--------+--------+--------+--------+-----+--------+
         Total |   3043 |   2721 |    322 |      0 |   2246 |   4 |  760.8 |
       Dungeon |   3043 |   2721 |    322 |      0 |   2246 |   4 |  760.8 |
               +--------+--------+--------+--------+--------+-----+--------+

Top non-repeatable levels by time:
     D:2: 983 daAuts
     D:1: 966 daAuts
     D:3: 583 daAuts
     D:4: 510 daAuts
